 Dungeon Crawl Stone Soup version 0.25.0-10-g039870ee82 (webtiles) character file.

Game seed: 901245649541324479

26 shadizar the Sneak (level 3, -4/24 HPs)
             Began as an Octopode Wanderer on June 22, 2020.
             Slain by a gnoll
             ... wielding a +0 spear
              (9 damage)
             ... on level 2 of the Dungeon.
             The game lasted 00:01:16 (846 turns).

shadizar the Sneak (Octopode Wanderer)               Turns: 846, Time: 00:01:16

Health: -4/24      AC:  1    Str: 11    XL:     3   Next: 8%
Magic:  3/3        EV: 13    Int: 14    God:
Gold:   41         SH:  0    Dex: 12    Spells: 2/2 levels left

rFire    . . .     SeeInvis .   a - +2 dagger
rCold    . . .     Gourm    .   (no shield)
rNeg     . . .     Faith    .   (helmet restricted)
rPois    .         Spirit   .   (no amulet)
rElec    .         Reflect  .   (no ring)
rCorr    .         Harm     .   (no ring)
MR       .....                  (no ring)
Stlth    +++.......             (no ring)
HPRegen  0.08/turn              (no ring)
MPRegen  0.08/turn              (no ring)
                                (no ring)
                                (no ring)

@: no status effects
A: almost no armour, stealthy swim, amphibious, 8 rings, constrict 8, camouflage
1, gelatinous body 1
a: no special abilities


You were on level 2 of the Dungeon.
You were not hungry.

You visited 1 branch of the dungeon, and saw 2 of its levels.

You collected 41 gold pieces.

Inventory:

Hand Weapons
 a - a +2 dagger (weapon)
 c - a +0 falchion
Jewellery
 l - an uncursed ring of positive energy {unknown}
Scrolls
 e - a scroll of teleportation {unknown}
 h - a scroll of fog {unknown}
 i - a scroll of random uselessness {unknown}
 j - a scroll of magic mapping {unknown}
 k - a scroll of identify {unknown}
 m - a scroll of enchant armour {unknown}
 n - a scroll of enchant weapon {unknown}
Potions
 b - a potion of heal wounds
 d - a potion of lignification
 o - a potion of resistance {unknown}
 p - a potion of curing {unknown}
Comestibles
 f - 2 rations
 g - 5 chunks of flesh


   Skills:
 + Level 1.8 Fighting
 - Level 3.0 Long Blades
 + Level 2.5 Dodging
 - Level 4.0 Stealth
 + Level 1.3 Unarmed Combat
   Level 1.1 Evocations


You had 2 spell levels left.
You didn't know any spells.
Your spell library was empty.

Dungeon Overview and Level Annotations

Branches:
Dungeon (2/15)

Altars:
Cheibriados
Gozag


Innate Abilities, Weirdness & Mutations

You cannot wear most types of armour.
You are very stealthy in the water. (Stealth+)
You are amphibious.
You can wear up to eight rings at the same time.
You can use your tentacles to constrict eight enemies at once.
Your skin changes colour to match your surroundings (Stealth+).
Your rubbery body absorbs attacks. (AC +1, EV +1)


Message History

Increase (S)trength, (I)ntelligence, or (D)exterity?
You feel agile.
A gnoll comes into view. It is wielding a +0 spear.
The gnoll shouts!
You hear a shout! x2
The gnoll closely misses you.
You hear a shout! 2 gnolls come into view.
The gnoll hits you with a +0 spear.
A gnoll comes into view. It is wielding a +0 whip.
The gnoll hits you with a +0 whip!
* * * LOW HITPOINT WARNING * * *
You are too injured to fight recklessly!
You are too injured to fight recklessly!
You are too injured to fight recklessly!
You are too injured to fight recklessly!
You are too injured to fight recklessly!
You are too injured to fight recklessly!
You are too injured to fight recklessly!
The gnoll hits you from afar with a +0 spear!
You die...

#.......# +.>.....# #.......#
##.......#
#########...^...###
#...............#..
#######..................
#....).......#........#..
###.#.####..@.)..##.#.#...###
..........g......##.........#
##.###.##g#..#######.#.....#
#<...#.##.## #.#.#####
######g##..# #.#.# ..g.###.#
#.#.# ........## #.
######...# #. #.........#.


You could see 2 gnolls.

Vanquished Creatures
  An ooze (D:2)
  A dart slug (D:1)
  4 goblins
  3 hobgoblins (D:1)
  3 kobolds (D:1)
  3 bats (D:1)
  4 frilled lizards (D:1)
  A rat (D:1)
20 creatures vanquished.

Notes
Turn   | Place    | Note
-------+----------+-------------------------------------------
     0 | D:1      | shadizar the Octopode Wanderer began the quest for the Orb.
     0 | D:1      | shadizar set off with the following items: a +2 dagger, a
                  | potion of heal wounds, a +0 falchion, a potion of
                  | lignification, a ration
     0 | D:1      | Reached XP level 1. HP: 13/13 MP: 1/1
   203 | D:1      | Found a snail-covered altar of Cheibriados.
   311 | D:1      | Reached XP level 2. HP: 18/18 MP: 2/2
   503 | D:1      | Reached skill level 1 in Unarmed Combat
   745 | D:2      | Found an opulent altar of Gozag.
   807 | D:2      | Reached XP level 3. HP: 15/24 MP: 3/3
   846 | D:2      | Slain by a gnoll

Illustrated notes

Levels and vault maps discovered:
D:1:      matt_arrival_refuge, layout_basic, kennysheep_flooded_box,
          cheibriados_altar_1
D:2:      layout_basic, good_gods_temple_1, nicolae_overflow_crystal_walls,
          first_ration, minmay_crystal_water, grunt_gozag_breadcrumbs

Skill      XL: |  1  2 |
---------------+-------+-----
Unarmed Combat | 1 |  1.3
Fighting       | |  1.8
Long Blades    | |  3.0
Dodging        | |  2.5
Stealth        | |  4.0
Evocations     | |  1.1

Action                   || total
-------------------------++-------
Melee: Dagger            ||    36
       Constrict         ||     5
       Tentacles         ||     4
 Stab: Sleeping          ||    12
Armor: Skin              ||     2
Dodge: Dodged            ||    11
